 Dungeon Crawl Stone Soup version 0.29-a0-998-g1987434951 (webtiles) character file.

Game seed: 726833943134124608

32 drpainis the Chopper (level 3, -1/33 HPs)
             Began as a Hill Orc Monk on Aug 6, 2022.
             Slain by Terence
             ... wielding a +0 mace
              (2 damage)
             ... on level 2 of the Dungeon.
             The game lasted 00:03:14 (2218 turns).

drpainis the Chopper (Hill Orc Monk)                Turns: 2218, Time: 00:03:15

Health: -1/33      AC:  8    Str: 15    XL:     3   Next: 25%
Magic:  3/3        EV:  7    Int: 10    God:
Gold:   129        SH:  0    Dex: 13    Spells: 2/2 levels left

rFire   . . .      SeeInvis .   a - +0 hand axe
rCold   . . .      Faith    .   (no shield)
rNeg    . . .      Spirit   .   l - +0 chain mail
rPois   .          Reflect  .   (no helmet)
rElec   .          Harm     .   (no cloak)
rCorr   .          Rampage  .   (no gloves)
Will    .....                   (no boots)
Stlth   ..........              (no amulet)
HPRegen 0.11/turn               (no ring)
MPRegen 0.08/turn               (no ring)

@: no status effects
A: no striking features
a: no special abilities


You were on level 2 of the Dungeon.
You visited 1 branch of the dungeon, and saw 2 of its levels.

You collected 129 gold pieces.

Inventory:

Hand Weapons
 a - a +0 hand axe (weapon)
Armour
 b - a +0 robe
 l - a +0 chain mail (worn)
Magical Staves
 i - a staff of poison
Scrolls
 d - a scroll of immolation {unknown}
 e - a scroll of enchant armour {unknown}
 g - a scroll of vulnerability {unknown}
 h - 3 scrolls of identify {unknown}
 j - a scroll of amnesia {unknown}
 k - a scroll of magic mapping {unknown}
 m - 2 scrolls of torment {unknown}
Potions
 c - a potion of ambrosia
 f - 2 potions of curing {unknown}


   Skills:
 + Level 4.1 Fighting
 + Level 4.5 Axes
 + Level 2.8 Dodging
 + Level 1.7 Stealth


You had 2 spell levels left.
You didn't know any spells.
Your spell library was empty.

Dungeon Overview and Level Annotations

Branches:
Dungeon (2/15)

Altars:
Sif Muna

Annotations:
D:2 Terence


Message History

You hit Terence.
Terence is moderately wounded.
Terence barely misses you.
You hit Terence.
Terence is heavily wounded.
Terence hits you with a +0 mace.
You hit Terence but do no damage.
Terence is heavily wounded.
Terence barely misses you.
You hit Terence.
Terence is heavily wounded.
Terence hits you with a +0 mace.
You hit Terence but do no damage.
Terence is heavily wounded.
Terence hits you with a +0 mace!
* * * LOW HITPOINT WARNING * * *
You hit Terence.
Terence is heavily wounded.
Terence completely misses you.
You closely miss Terence.
Terence is heavily wounded.
Terence hits you with a +0 mace.
* * * LOW HITPOINT WARNING * * *
You hit Terence.
Terence is severely wounded.
Terence hits you but does no damage.
You barely miss Terence.
Terence is severely wounded.
Terence barely misses you.
You hit Terence.
Terence is severely wounded.
Terence hits you but does no damage.
You barely miss Terence.
Terence is severely wounded.
Terence hits you with a +0 mace.
* * * LOW HITPOINT WARNING * * *
You hit Terence but do no damage.
Terence is severely wounded.
Terence hits you but does no damage. Terence hits you with a +0 mace.
You die...

######...##..
#≈≈≈~≈≈~~~#........##..
#~~.~~~.~.#.#########..
#~.~~[~~~~#.# ###
#.......##.#
#.......#..#
#.....##.## #..@##..#
#..@#..## #...#.##
#...#.# ##....# ######


You could see Terence.

Vanquished Creatures
  6 ball pythons
  2 endoplasms
  3 goblins
  5 hobgoblins
  4 jackals (D:2)
  A bat (D:2)
  2 frilled lizards
  A kobold (D:1)
  6 rats
30 creatures vanquished.

Notes
Turn   | Place    | Note
-------+----------+-------------------------------------------
     0 | D:1      | drpainis the Hill Orc Monk began the quest for the Orb.
     0 | D:1      | Reached XP level 1. HP: 19/19 MP: 1/1
    85 | D:1      | Found a faded altar of an unknown god.
   324 | D:1      | Reached XP level 2. HP: 19/27 MP: 2/2
  1809 | D:2      | Reached XP level 3. HP: 31/33 MP: 3/3
  2027 | D:2      | Found a shimmering blue altar of Sif Muna.
  2196 | D:2      | Noticed Terence
  2217 | D:2      | HP: 1/33 [Terence/+0 mace (6)]
  2218 | D:2      | Slain by Terence

Illustrated notes

Levels and vault maps discovered:
D:1:      saegor_arrival_simple_a, layout_rooms,
          ebering_ecumenical_altar_abandoned, minmay_misc_feat_enclosed,
          dreamdust_wishing_well, minmay_shallow_snake_nest
D:2:      layout_basic, basic_altar, nicolae_concentric_dashed_squares_mild,
          nicolae_underground_beach, uniq_terence

Skill      XL: |  1  2 |
---------------+-------+-----
Fighting       | 4 |  4.1
Axes           | |  4.5
Dodging        | |  2.8
Stealth        | |  1.7

Action                   || total
-------------------------++-------
Melee: Hand axe          ||   110
       Punch             ||     3
 Stab: Sleeping          ||     2
Armor: Robe              ||    12
       Chain mail        ||     7
Dodge: Dodged            ||    74

Table legend: (Time is in decaauts)
 A = Elapsed time spent in this place.
 B = Non-inter-level travel time spent in this place.
 C = Inter-level travel time spent in this place.
 D = Time resting spent in this place.
 E = Time spent auto-exploring this place.
 F = Levels seen in this place.
 G = Mean time per level.
                   A        B        C        D        E       F      G
               +--------+--------+--------+--------+--------+-----+--------+
         Total |   2226 |   2226 |      0 |    740 |   1039 |   2 | 1113.0 |
       Dungeon |   2226 |   2226 |      0 |    740 |   1039 |   2 | 1113.0 |
               +--------+--------+--------+--------+--------+-----+--------+

Top non-repeatable levels by time:
     D:1: 1735 daAuts
     D:2: 491 daAuts
